 Dungeon Crawl Stone Soup version 0.27.0-1-g7a089689b8 (webtiles) character file.

Game seed: 7900233607254095398

836 fiver49 the Cleaver (level 8, -4/56 HPs)
             Began as a Formicid Warper on Aug 2, 2021.
             Was a Follower of Nemelex Xobeh.
             Slain by an ogre (16 damage)
             ... on level 4 of the Dungeon.
             The game lasted 00:13:34 (9004 turns).

fiver49 the Cleaver (Formicid Warper)               Turns: 9004, Time: 00:13:34

Health: -4/56      AC:  6    Str: 18    XL:     8   Next: 19%
Magic:  11/11      EV: 11    Int: 19    God:    Nemelex Xobeh [*.....]
Gold:   344        SH:  0    Dex: 10    Spells: 11/11 levels left

rFire    + . .     SeeInvis +   a - +0 hand axe
rCold    + . .     Faith    .   (no shield)
rNeg     . . .     Spirit   .   d - +0 ring mail
rPois    .         Reflect  .   (helmet unavailable)
rElec    .         Harm     .   F - scarf {rC+ rF+}
rCorr    .         Rampage  .   (no gloves)
Will     .....                  m - +0 pair of boots
Stlth    ..........             n - amulet of the acrobat
HPRegen  0.18/turn              g - +6 ring of intelligence
MPRegen  0.12/turn              (no ring)

@: no status effects
A: permanent stasis, dig shafts and tunnels, antennae 3, four strong arms
a: Dig, Shaft Self, Renounce Religion, Draw Escape, Draw Destruction, Draw
Summoning


You were on level 4 of the Dungeon.
You worshipped Nemelex Xobeh.
Nemelex Xobeh was aware of your devotion.
You visited 2 branches of the dungeon, and saw 6 of its levels.
You also visited: Sewer.

You collected 344 gold pieces.

Inventory:

Hand Weapons
 a - a +0 hand axe (weapon)
Missiles
 c - 5 boomerangs of dispersal
 i - 23 poisoned darts (quivered)
 s - 6 boomerangs
 A - a throwing net
Armour
 b - a +0 leather armour
 d - a +0 ring mail (worn)
 m - a +0 pair of boots (worn)
 F - a scarf of resistance (worn)
Jewellery
 g - a +6 ring of intelligence (left hand)
 n - an amulet of the acrobat (around neck)
 p - a ring of magical power
 E - an amulet of guardian spirit
Scrolls
 e - a scroll of amnesia {unknown}
 j - a scroll of enchant armour {unknown}
 l - 2 scrolls of vulnerability {unknown}
 o - 2 scrolls of teleportation
 r - a scroll of noise {unknown}
 y - a scroll of enchant weapon {unknown}
 z - a scroll of fear
 B - a scroll of immolation {unknown}
 D - a scroll of magic mapping {unknown}
Potions
 f - 2 potions of brilliance
 k - a potion of curing {unknown}
 q - a potion of heal wounds
 t - a potion of haste {unknown}
 u - 4 potions of mutation
 v - 2 potions of magic
 w - a potion of cancellation {unknown}
 x - a potion of might {unknown}
 C - a potion of attraction {unknown}


   Skills:
 - Level 2.1 Fighting
 * Level 8.3 Axes
 - Level 1.0 Throwing
 - Level 1.1 Armour
 - Level 1.7 Dodging
 - Level 2.1 Spellcasting
 - Level 2.6 Translocations
 + Level 3.4 Invocations


You had 11 spell levels left.
You didn't know any spells.
Your spell library contained the following spells:

 Spells                   Type           Power      Damage    Failure   Level
 Corona                   Hex            2%         N/A       30%         1
 Pain                     Necr           8%         1d4       30%         1
 Gell's Gravitas          Tloc           6%         N/A       30%         3
 Lesser Beckoning         Tloc           6%         N/A       30%         3
 Teleport Other           Tloc           12%        N/A       30%         3
 Ensorcelled Hibernation  Hex/Ice        4%         N/A       41%         2
 Ignite Poison            Fire/Tmut/Pois 2%         N/A       65%         3
 Mephitic Cloud           Conj/Pois/Air  2%         N/A       65%         3
 Tukima's Dance           Hex            2%         N/A       65%         3
 Manifold Assault         Tloc           12%        N/A       95%         5
 Agony                    Necr           2%         N/A       100%        5
 Bolt of Magma            Conj/Fire/Erth 1%         4d4       100%        5
 Excruciating Wounds      Necr           1%         N/A       100%        5
 Blink                    Tloc           Unusable   N/A       N/A         2

Dungeon Overview and Level Annotations

Branches:
Dungeon (5/15)             Temple (1/1) D:4           Sewer (visited)

Altars:
Ashenzari
Cheibriados
Elyvilon
Fedhas
Gozag
Hepliaklqana
Kikubaaqudgha
Makhleb
Nemelex Xobeh
Okawaru
Ru
Sif Muna
Trog
Uskayaw
Vehumet
Wu Jian
Xom
Yredelemnul
Zin

Annotations:
D:3 2 transporters, Hambloko's ghost, amateur HuGl


Innate Abilities, Weirdness & Mutations

You cannot be hasted, slowed, berserked, paralysed or teleported.
You can dig through walls and to a lower floor.
You have a pair of large antennae on your head. (SInv)
Your four strong arms can wield two-handed weapons with a shield.


Message History

i - 21 poisoned darts (gained 1)
i - 23 poisoned darts (gained 2)
There is an escape hatch in the ceiling here.
An ogre is nearby!
Okay, then.
The ogre shouts!
The ogre misses you.
There is an escape hatch in the ceiling here.
Nemelex will now gift you decks of power as you gain piety.
There is an open door here.
There is an open door here.
There is an open door here.
As you close the door, it creaks loudly!
An ogre opens the door.
There is an escape hatch in the ceiling here.
There is an open door here.
The ogre closely misses you. The ogre closely misses you.
There is an open door here.
There is an escape hatch in the ceiling here.
The ogre closely misses you. A mysterious force pulls you upwards.
The hatch slams shut behind you.
You hit the ogre.
The ogre is moderately wounded.
The ogre hits you with a +0 giant spiked club!
You hit the ogre.
The ogre is moderately wounded.
You hit the ogre.
The ogre is heavily wounded.
The ogre barely misses you.
You slash the ogre!
The ogre is almost dead.
The ogre hits you with a +0 giant spiked club!!
Ouch! That really hurt!
* * * LOW HITPOINT WARNING * * *
You hit the ogre.
The ogre is almost dead.
The ogre hits you with a +0 giant spiked club!
You die...
Your body disappears without a glow.

#.# #.........# #.#....[.# #.#
#...####..####.#...#### #.#
#.............[#...# #.#
#...........#.#....# #.#
##..#...#.#..###...# #.#
#..#.......## ##..# ####.#
#........#..###...###
.....#######..###O........#....#
†...............@...........##.#
#############.########....####.#
.....# #.###...........##.#
####.########.#.....##....#.##.#
#..........#.....#.#..#...#.#
#########.........###.(.....#
#.##.....#.#)##...###
#.##.....##.####.##
#.####.####.# #.#


You could see an ogre.

Vanquished Creatures
  A black bear (D:5)
  An ogre (D:4)
  A scorpion (D:4)
  2 hounds (D:4)
  A gnoll shaman (D:3)
  An orc priest (D:3)
  2 orc wizards (D:4)
  A scorpion zombie (D:5)
  A hound skeleton (D:5)
  Robin (D:2)
  7 adders
  4 gnolls
  8 river rats (Sewer)
  A shadow imp (D:4)
  3 adder skeletons
  3 adder zombies (D:2)
  4 worms
  4 dart slugs
  11 orcs
  6 bats
  8 endoplasms
  5 giant cockroaches
  11 goblins
  7 hobgoblins
  16 jackals
  4 quokkas
  10 ball pythons
  4 ball python skeletons (D:2)
  2 ball python zombies (D:2)
  5 frilled lizards
  24 kobolds
  A quokka skeleton (D:2)
  A quokka zombie (D:2)
  26 rats
187 creatures vanquished.

Vanquished Creatures (others)
  A withered plant (D:2)
1 creature vanquished.

Grand Total: 188 creatures vanquished

Notes
Turn   | Place    | Note
-------+----------+-------------------------------------------
     0 | D:1      | fiver49 the Formicid Warper began the quest for the Orb.
     0 | D:1      | Reached XP level 1. HP: 16/16 MP: 3/3
   267 | D:1      | Reached XP level 2. HP: 13/22 MP: 5/5
   567 | D:1      | Reached skill level 3 in Axes
   659 | D:1      | Reached XP level 3. HP: 27/27 MP: 6/6
  1238 | D:2      | Noticed Robin
  1563 | D:2      | Reached skill level 4 in Axes
  1563 | D:2      | Reached XP level 4. HP: 28/33 MP: 7/7
  2057 | D:2      | Killed Robin
  2326 | D:2      | Reached XP level 5. HP: 16/38 MP: 8/8
  2710 | D:2      | Reached skill level 5 in Axes
  3991 | D:3      | Found a glowing drain.
  4000 | Sewer    | Entered a sewer
  4128 | Sewer    | Reached XP level 6. HP: 44/44 MP: 9/9
  4639 | Sewer    | Reached skill level 6 in Axes
  5313 | D:3      | Noticed Hambloko's ghost (amateur HuGl)
  5314 | D:3      | Found a transporter.
  5314 | D:3      | Noticed an ogre
  5314 | D:3      | Noticed an ogre
  5316 | D:3      | Noticed an ogre
  5318 | D:3      | Found a transporter.
  6043 | D:4      | Reached XP level 7. HP: 44/50 MP: 10/10
  6115 | D:4      | Reached skill level 7 in Axes
  6190 | D:4      | Found a staircase to the Ecumenical Temple.
  6204 | Temple   | Entered the Ecumenical Temple
  6392 | Temple   | Became a worshipper of Nemelex Xobeh the Trickster
  6745 | D:3      | Reached skill level 1 in Invocations
  6941 | D:4      | Found a shimmering altar of Xom.
  7175 | D:4      | Found a snail-covered altar of Cheibriados.
  7795 | D:5      | Entered Level 5 of the Dungeon
  7854 | D:4      | Reached skill level 8 in Axes
  8135 | D:5      | Reached XP level 8. HP: 25/56 MP: 11/11
  8461 | D:5      | Found a sacrificial altar of Ru.
  8962 | D:5      | Reached * piety under Nemelex Xobeh
  9004 | D:4      | Slain by an ogre

Illustrated notes

Levels and vault maps discovered:
D:1:      saegor_arrival_simple_e, layout_basic
D:2:      minmay_chambers_of_twos, layout_loops_cross, serial_undead,
          serial_undead_e, serial_undead_b, serial_undead_d, serial_undead_e,
          serial_undead_a, serial_undead_a, serial_undead_a, serial_undead_f,
          uniq_robin
D:3:      layout_loops_ring, portal_sewer_entry_b, gammafunk_ghost_smash,
          minmay_mini_jars
D:4:      layout_loops_ring, lemuel_doored_altar, chei_slow_surprise,
          minmay_temple_entry_offerings
D:5:      layout_gridville, mainiacjoe_overflow_24_doors, serial_shops,
          nicolae_shop_behind_doors
Temple:   regret_index_temple_sphere_string

Skill      XL: |  1  2  3  4  5  6  7 |
---------------+----------------------+-----
Axes           | 3 4 5 6 8 |  8.3
Invocations    | 3 |  3.4
Fighting       | |  2.1
Throwing       | |  1.0
Armour         | |  1.1
Dodging        | |  1.7
Spellcasting   | |  2.1
Translocations | |  2.6

Action                   |  1- 3 |  4- 6 |  7- 9 || total
-------------------------+-------+-------+-------++-------
Melee: Hand axe          |   136 |   386 |   167 ||   689
Throw: Dart              |     4 |    37 |    42 ||    83
  Use: Potion            |       |     1 |       ||     1
       Scroll            |       |       |     6 ||     6
Armor: Leather armour    |     3 |       |       ||     3
       Ring mail         |    58 |   118 |    44 ||   220
Dodge: Dodged            |    94 |   255 |   114 ||   463
